Cogmind - Beta 9.5 @@@ ROGUE MODE // 2020.04.01 @ 11:23:30 Player: EgoOrb Result: Destroyed by L-31 Rogue with Katana Performance ------------- Evolutions (1) 500 Regions Visited (2) 400 Robots Destroyed (1) 5 Value Destroyed (54) 54 Prototype IDs (0) 0 Alien Tech Used (0) 0 Bonus (0) 0 TOTAL SCORE: 959 Bonus ------- None Cogmind --------- Core Integrity 0/400 Matter 252/300 Energy 100/100 System Corruption 0% Temperature Cool (6) Movement Core (300) Ox5 Location -9/Materials Parts ------- > --- POWER (2) -------- (None) > --- PROPULSION (2) --- (None) > --- UTILITY (2) ------ Large Storage Unit > --- WEAPON (3) ------- (None) > --- INVENTORY (10) --- Heat Sink Heat Sink Peak State ------------ > --- POWER ------------ Light Ion Engine > --- PROPULSION ------- Aluminum Leg Aluminum Leg > --- UTILITY ---------- Heat Sink Heat Sink > --- WEAPON ----------- EM Pulse Gun Assault Rifle > --- INVENTORY -------- EM Pulse Gun [Rating: 7] Favorites ----------- Power Ion Engine Engine Ion Engine Propulsion Aluminum Leg Leg Aluminum Leg Wheel Wheel Utility Heat Sink Device Heat Sink Storage Large Storage Unit Weapon EM Pulse Gun Energy Gun EM Pulse Gun Ballistic Gun Assault Rifle Build | -11 -10 -9 ------- Run | Scr Mat Mat Slots Evolved 2 | . . 2 Power 1 | . . 1 Propulsion . | . . . Utility . | . . . Weapon 1 | . . 1 Parts Attached 16 | 7 7 2 Power 3 | 1 1 1 Engine 3 | 1 1 1 Core . | . . . Reactor . | . . . Propulsion 3 | 3 . . Treads . | . . . Leg 2 | 2 . . Wheel 1 | 1 . . Hover . | . . . Flight . | . . . Utility 6 | . 5 1 Device 5 | . 4 1 Storage 1 | . 1 . Processor . | . . . Hackware . | . . . Protection . | . . . Artifact . | . . . Weapon 4 | 3 1 . Energy Gun 3 | 2 1 . Energy Cannon . | . . . Ballistic Gun 1 | 1 . . Ballistic Cannon . | . . . Launcher . | . . . Special Weapon . | . . . Impact Weapon . | . . . Slashing Weapon . | . . . Piercing Weapon . | . . . Special Melee Weapon . | . . . Unidentified Prototypes . | . . . Parts Lost 10 | . 6 4 Power 3 | . 1 2 Propulsion 2 | . 1 1 Utility 2 | . 1 1 Weapon 3 | . 3 . Highest Loss Streak 6 | . 6 4 Average Slot Usage (%) 67 | . 76 49 Engine 13 | . 10 19 Leg 17 | . 21 8 Device 18 | . 23 11 Storage 4 | . 1 11 Energy Gun 6 | . 9 . Ballistic Gun 6 | . 9 . Naked Turns . | . . . Heaviest Build 34 | 7 22 34 Greatest Support 20 | 20 20 10 Greatest Overweight (x) 11 | . 7 11 Average Overweight (x) . | . . 3 Largest Inventory Capacity 10 | 4 10 10 Average Capacity 5 | 4 4 10 Most Carried 4 | 4 4 4 Average Carried 1 | 1 . 2 Final Capacity 10 | 4 10 10 Final Carried 2 | 2 2 2 Class Distribution -------------------- 100% | Mutant Dominant Class ---------------- Mutant | -10/Materials Mutant | -9/Materials Resources | -11 -10 -9 ----------- Run | Scr Mat Mat Matter Collected 276 | 276 . . Remotely . | . . . Salvage Created 48 | 48 . . Parts 4 | 4 . . Haulers Intercepted . | . . . Recyclers Shooed . | . . . Parts Field Recycled 5 | . . 5 Retrieved Matter 31 | . . 31 Parts Self-Destructed . | . . . Prevented . | . . . Kills | -11 -10 -9 ------- Run | Scr Mat Mat Combat Hostiles Destroyed 1 | 1 . . Guns 1 | 1 . . Classes Destroyed 1 | 1 . . Grunt 1 | 1 . . Best Kill Streak 1 | 1 . . Combat Bots Only 1 | 1 . . Max Kills in Single Turn 1 | 1 . . Gunslinging . | . . . Exploded . | . . . Melee . | . . . Uniques/NPCs Destroyed . | . . . Combat | -11 -10 -9 -------- Run | Scr Mat Mat Damage Taken 1459 | 22 679 758 Core 599 | 12 162 425 Absorbed by Shields . | . . . Core Remaining (%) 62 | 95 30 . Volleys Fired 18 | 2 16 . Largest 2 | 2 2 . Hottest 60 | 60 60 . Shots Fired 29 | 4 25 . Gun 29 | 4 25 . Cannon . | . . . Launcher . | . . . Special . | . . . Kinetic 13 | 2 11 . Thermal . | . . . Explosive . | . . . Electromagnetic 16 | 2 14 . Robot Hit Streak 6 | 1 6 . Robot Miss Streak 5 | . 5 . Penetration Max . | . . . Secondary Targets . | . . . Shots Hit Robots 13 | 1 12 . Core Hits 3 | 1 2 . Critical Hits . | . . . Critical Kills . | . . . Critical Parts Destroyed . | . . . Melee Attacks . | . . . Impact . | . . . Slashing . | . . . Piercing . | . . . Sneak Attacks . | . . . Combat Hostiles . | . . . Follow-up Attacks . | . . . Damage Inflicted 200 | 15 185 . Guns 200 | 15 185 . Cannons . | . . . Explosions . | . . . Melee . | . . . Ramming . | . . . Kinetic 86 | . 86 . Thermal . | . . . Explosive . | . . . Electromagnetic 114 | 15 99 . Impact . | . . . Slashing . | . . . Piercing . | . . . Highest Corruption . | . . . Average Corruption . | . . . Corruption Purged . | . . . Overload Shots . | . . . Overflow Damage . | . . . Projectiles . | . . . Explosions . | . . . Melee . | . . . Knockbacks . | . . . Impact . | . . . Kinetic . | . . . Secondary . | . . . Self-Inflicted Damage . | . . . Shots . | . . . Rammed . | . . . Targets Rammed . | . . . Kicked . | . . . Crushed . | . . . Highest Temperature 6 | 6 . 3 Average Temperature 5 | 6 . 3 Received Heat Transfer 339 | 12 138 189 Siege Activations . | . . . Robots Corrupted . | . . . Combat Hostiles . | . . . Parts Fried . | . . . Impact Corruptions . | . . . Robots Melted . | . . . Combat Hostiles . | . . . Parts Melted . | . . . Heat Transferred . | . . . Parts Sabotaged . | . . . Parts Stolen . | . . . Parts Stripped . | . . . Power Chain Reactions . | . . . Missiles Intercepted . | . . . Alert | -11 -10 -9 ------- Run | Scr Mat Mat Peak Influence 58 | 20 58 32 Average Influence 20 | 4 32 15 Maximum Alert Level . | . . . Low Security (%) 100 | 100 100 100 Level 1 . | . . . Level 2 . | . . . Level 3 . | . . . Level 4 . | . . . Level 5 . | . . . High Security . | . . . Max Security . | . . . Squads Dispatched 3 | . 1 2 Investigation . | . . . Extermination . | . . . Reinforcement 3 | . 1 2 Assault . | . . . Garrison . | . . . Intercept . | . . . Construction Impeded . | . . . Haulers Reinforced . | . . . Stealth | -11 -10 -9 --------- Run | Scr Mat Mat Distress Signals 1 | . . 1 Communications Jammed . | . . . Distress Signals . | . . . Times Spotted 24 | 1 15 8 Peak Tracking Total 7 | 1 7 7 Tactical Retreats 2 | . 2 . Traps | -11 -10 -9 ------- Run | Scr Mat Mat Traps Triggered . | . . . Indirectly . | . . . Trap Hack Attempts . | . . . Triggered . | . . . Disarmed . | . . . Reprogrammed . | . . . Reused . | . . . Traps Extracted . | . . . Installed . | . . . Triggered . | . . . Machines | -11 -10 -9 ---------- Run | Scr Mat Mat Machines Disabled 2 | . 2 . Max in Single Turn 1 | . 1 . Machines Sabotaged . | . . . Garrisons Compromised . | . . . Overloaded Fab Kills . | . . . Fab Network Shutdowns . | . . . Hacking | -11 -10 -9 --------- Run | Scr Mat Mat Machines Accessed . | . . . Terminals . | . . . Fabricators . | . . . Repair Stations . | . . . Recycling Units . | . . . Scanalyzers . | . . . Garrison Access . | . . . Total Hacks . | . . . Successful . | . . . Failed . | . . . Catastrophic . | . . . Database Lockouts . | . . . Manual . | . . . Terminals . | . . . Fabricators . | . . . Repair Stations . | . . . Recycling Units . | . . . Scanalyzers . | . . . Garrison Access . | . . . Terminal Hacks . | . . . Fabricator Hacks . | . . . Repair Station Hacks . | . . . Recycling Unit Hacks . | . . . Scanalyzer . | . . . Garrison Access Hacks . | . . . Unauthorized Hacks . | . . . Terminals . | . . . Fabricators . | . . . Repair Stations . | . . . Recycling Units . | . . . Scanalyzers . | . . . Garrison Access . | . . . Data Cores Recovered . | . . . Used . | . . . Hacking Detections . | . . . Full Trace Events . | . . . Feedback Events . | . . . Feedback Blocked . | . . . Robot Schematics Acquired . | . . . Robots Built . | . . . Matter . | . . . Time . | . . . Total Robot Build Rating . | . . . Part Schematics Acquired . | . . . Parts Built . | . . . Matter . | . . . Time . | . . . Total Part Build Rating . | . . . Parts Repaired . | . . . Time . | . . . Parts Recycled . | . . . Recycled Matter . | . . . Retrieved Matter . | . . . Retrieved Components . | . . . Parts Scanalyzed . | . . . Part Schematics Acquired . | . . . Parts Damaged . | . . . Bothacking | -11 -10 -9 ------------ Run | Scr Mat Mat Used RIF Installer . | . . . Robots Hacked . | . . . Non-combat . | . . . Combat . | . . . Robot Hacks Applied . | . . . Relay Couplers Released . | . . . Robots Rewired . | . . . Allies Hacked . | . . . Hacks Repelled . | . . . Allies | -11 -10 -9 -------- Run | Scr Mat Mat Total Allies . | . . . Largest Group . | . . . Highest-Rated Group . | . . . Highest-Rated Ally . | . . . Total Orders . | . . . Ally Attacks . | . . . Total Damage . | . . . Kills . | . . . Allies Corrupted . | . . . Allies Melted . | . . . Intel | -11 -10 -9 ------- Run | Scr Mat Mat Robot Analysis Total . | . . . Derelict Logs Recovered . | . . . Drone Launches . | . . . Drone Recoveries . | . . . Exploration | -11 -10 -9 ------------- Run | Scr Mat Mat Turns Passed 495 | 140 231 124 Spaces Moved 332 | 123 163 46 Core 126 | 44 76 6 Treads . | . . . Legs 206 | 79 87 40 Wheels . | . . . Hover . | . . . Flight . | . . . Fastest Speed 50 | 50 50 180 Average Speed 121 | 94 110 230 Slowest Speed 600 | 120 400 600 Overloaded Moves . | . . . Propulsion Burnouts . | . . . Robots Hopped . | . . . Cave-ins Triggered . | . . . Exploration Rate (%) 15 | 7 33 7 Regions Visited 2 Branch Regions . Pre-discovered Areas . | . . . Known Exits Taken . | . . . Unknown Exits Taken 2 | 1 1 . Scrap Searched . | . . . Spaces Dug . | . . . Terrain Destroyed . | . . . Melee . | . . . Projectile . | . . . AOE . | . . . Actions | -11 -10 -9 --------- Run | Scr Mat Mat Total 404 | 144 194 66 Wait 12 | . . 12 Move 330 | 122 162 46 Hop . | . . . Pick Up 18 | 9 6 3 Fast Attach . | . . . Attach 16 | 7 7 2 Detach 5 | 2 2 1 Swap . | . . . Drop 5 | 2 1 2 Fire 18 | 2 16 . Melee . | . . . Ram . | . . . Kick . | . . . Crush . | . . . Escape Stasis . | . . . Rewire . | . . . Trap . | . . . Miscellaneous . | . . . Route ------- -11/Scrapyard -10/Materials -9/Materials History --------- Turn | Location | Event 2 | -11/Scrapyard | Met Revision 17 94 | -11/Scrapyard | Discovered new exit (range 8) 141 | -11/Scrapyard | Entered Materials 317 | -10/Materials | Build established: Mutant 334 | -10/Materials | Discovered new exit (range 13) 345 | -10/Materials | Core integrity fell below 50% 355 | -10/Materials | Lost 6 parts (1p1n1u3w) 372 | -10/Materials | Entered another Materials area 372 | -9/Materials | Evolved 2 slots: Power x1, Weapon x1 481 | -9/Materials | Core integrity fell below 50% 487 | -9/Materials | Core integrity fell below 20% 496 | -9/Materials | Destroyed by L-31 Rogue with Katana Last Messages --------------- ALERT: Hostiles spotted, dispatching reinforcements to Terminal M012. O-16 Technician sends out distress signal. O-16 Technician: "IFF HANDSHAKE FAILED. SECURING TERMINAL." C-30 ARC bursts open, deploying its payload. L-31 Rogue unfolds itself. G-34 Mercenary unfolds itself. K-01 Serf collects debris. Aluminum Leg destroyed. O-16 Technician uses terminal to summon reinforcements. ALERT: Hostiles spotted, dispatching reinforcements to Terminal M005. O-16 Technician locks terminal. Ion Engine destroyed. Field Recycling Unit collects Mining Claw, recycling 5 matter... Dropped Field Recycling Unit. Acquired Field Recycling Unit. Dropped Field Recycling Unit. Field Recycling Unit collects Field Recycling Unit, recycling 7 matter... Field Recycling Unit collects Mining Claw, recycling 5 matter... Field Recycling Unit destroyed. [Achievement: First Step to Greatness] Map ----- +----------------------------------------------------+ | | | | | | | | | ?????????????????????????????????????????????????? | | ?????????????????????????????????????????????????? | | ?????????????????????????????????????????????????? | | ?????????????????????????????????????????????????? | | ?????????????????????????????????????????????????? | | ?????????????????????????????????????????????????? | | ?????????????????????????????????????????????????? | | ?????????????????????????????????????????????????? | | ?????????????????????????????????????????????????? | | ????????????????????????????? ???????????????????? | | ????????????????????????????? ???????????????????? | | ????????????????????????????? ???????????????????? | | ????????????????????????????? ???????????????????? | | ????????????????????????????? ?##########????????? | | ????????????????????????????? ?# #????????? | | ????????????????????????????? ?# """ #????????? | | ????????????????????????????# ## """ #####????? | | ????????????????????????????# ## """ # #????? | | ????????????????????????????# ## # #????? | | ???????????????????????###### ## """ # #????? | | ???????????????????????# // # ## """ + #????? | | ???????????????????????# @* # ## """ # #????? | | ???????????????????????# lgg# ## # #????? | | ???????????????????????# # ########### #????? | | ???????????????????????# gg/ + # #????? | | ???????????????????????# " # # # #????? | | ???????????????????????# YT # # # #????? | | ???????????????????????# "g# # """ """ + #????? | | ???????????????????????# #%# """ """ # #????? | | ???????????????????????## ### # """ """ # #????? | | ????????????????????????###?# # # #????? | | ????????????????????????????# # # #????? | | ????????????????????????????# ########### #????? | | ????????????????????????????? ??????????# #????? | | ????????????????????????????? ??????????# #????? | | ????????????????????????????? ??????????# #????? | | ????????????????????????????? ??????????? #????? | | ?????????????????????????????#??????????? #????? | | ????????????????????????????????????????? #????? | | ????????????????????????????????????????? #????? | | ????????????????????????????????????????? #????? | | ????????????????????????????????????????? #????? | | ????????????????????????????????????????? ?????? | | ?????????????????????????????????????????????????? | | ?????????????????????????????????????????????????? | | ?????????????????????????????????????????????????? | +----------------------------------------------------+ Best States ------------- Heat Dissipation 45 Energy Generation 15 Energy Capacity 400 Matter Stores 300 Matter Capacity 300 Sight Range 16 Terrain Scan Density 10 Evasion (%) 50 Item Schematics ----------------- None Robot Schematics ------------------ None Fabricated ------------ Nothing Alien Tech Used ----------------- None Achievements -------------- First Step to Greatness Storm Trooper Uninvited Guest Challenges ------------ None Game ------ Seed PointBiocellMembrane Manual? 0 Play Time 00:23:38 Cumulative 0.7 hours Start 2020.04.01 @ 10:57:40 End 2020.04.01 @ 11:23:30 Sessions 1 Manual Loads 0 Difficulty Rogue Special Mode None Game No. 1 Rogue 1 Adventurer 0 Explorer 0 Win Type - Total 0 Types 0/0/0/0/0/0/0 Lore% 0 Gallery% 1 Achievement% 1 Wizard Run 0 Options --------- ASCII 0 Keyboard 0 Movement Arrows Keybinds 0 Fullscreen 1 Font 36/Smallcaps Map View 76x50 Tactical HUD 0 Map Filters NONE Filters NONE Steam 1 RUN: 4cfb1448-cfb4-4515-ad06-884ff4303596